Map: Hardwire LE

Players

IIIIIIIIIIII - Winner!

  • Race: Protoss Protoss

VOD

Have the link to the VOD?

Description

Time

  • Played on: April 15, 2022, 9:39 a.m.
  • Length: 19:49
Show
View Real Time Build Order
Export as new Build Order

IIIIIIIIIIII Protoss - Winner!

Build Orders:  

Get SALT Encoding   

  12  0:05  Probe (Chrono Boost)  
  13  0:26  Pylon  
  13  0:33  Probe (Chrono Boost)  
  14  0:44  Probe (Chrono Boost)  
  15  1:01  Gateway  
  15  1:09  Probe (Chrono Boost)  
  16  1:26  Probe (Chrono Boost)  
  17  1:40  Assimilator  
  17  1:46  Probe (Chrono Boost)  
  18  2:07  Nexus  
  18  2:13  Zealot  
  18  2:16  Probe (Chrono Boost)  
  21  2:27  Probe (Chrono Boost)  
  22  2:41  Probe (Chrono Boost)  
  22  2:47  Cybernetics Core  
  23  3:05  Pylon  
  23  3:10  Pylon  
  23  3:30  Zealot  
  26  3:42  Probe (Chrono Boost)  
  26  3:54  Probe (Chrono Boost)  
  26  3:55  Probe (Chrono Boost)  
  28  4:06  Probe x2 (Chrono Boost)  
  28  4:07  Assimilator  
  28  4:08  Zealot  
  32  4:45  Probe x2 (Chrono Boost)  
  36  5:01  Probe (Chrono Boost)  
  36  5:02  Probe (Chrono Boost)  
  36  5:06  Warp Gate  
  36  5:18  Probe (Chrono Boost)  
  36  5:19  Probe (Chrono Boost)  
  38  5:32  Robotics Facility  
  38  6:18  Probe x2 (Chrono Boost)  
  38  6:19  Nexus  
  40  6:22  Stalker  
  42  6:35  Probe x2 (Chrono Boost)  
  44  6:41  Immortal  
  48  7:33  Gateway  
  49  7:42  Probe x2 (Chrono Boost)  
  49  7:44  Assimilator  
  50  7:51  Assimilator  
  50  7:56  Immortal  
  56  8:02  Probe x2 (Chrono Boost)  
  56  8:08  Pylon  
  56  8:11  Pylon  
  56  8:13  Pylon  
  56  8:34  Stalker  
  58  8:51  Immortal  
  58  8:53  Pylon  
  58  8:56  Probe (Chrono Boost)  
  58  8:57  Probe (Chrono Boost)  
  58  8:58  Pylon  
  58  8:59  Probe (Chrono Boost)  
  64  9:08  Probe (Chrono Boost)  
  64  9:09  Probe (Chrono Boost)  
  65  9:11  Probe (Chrono Boost)  
  65  9:19  Stalker  
  70  9:28  Probe (Chrono Boost)  
  70  9:30  Probe (Chrono Boost)  
  70  9:32  Probe (Chrono Boost)  
  73  9:45  Probe (Chrono Boost)  
  73  9:46  Warp Prism  
  73  9:47  Probe (Chrono Boost)  
  73  9:49  Probe (Chrono Boost)  
  78  10:10  Pylon  
  78  10:28  Forge  
  78  10:34  Forge  
  78  10:36  Probe (Chrono Boost)  
  78  10:37  Probe (Chrono Boost)  
  78  10:38  Probe (Chrono Boost)  
  81  10:48  Probe x2 (Chrono Boost)  
  81  10:49  Probe (Chrono Boost)  
  81  10:52  Stalker  
  86  11:16  Stalker  
  88  11:20  Immortal  
  88  11:27  Probe x2 (Chrono Boost)  
  88  11:28  Probe (Chrono Boost)  
  95  11:42  Probe (Chrono Boost)  
  95  11:43  Probe (Chrono Boost)  
  95  11:44  Probe (Chrono Boost)  
  95  11:46  Nexus  
  95  11:49  Assimilator, Pylon  
  98  11:54  Probe x2 (Chrono Boost)  
  98  11:55  Assimilator, Probe (Chrono Boost)  
  101  12:20  Protoss Ground Armor Level 1, Protoss Ground Weapons Level 1  
  101  12:32  Stalker x2  
  101  12:36  Immortal  
  109  12:42  Probe x2 (Chrono Boost)  
  109  12:43  Probe (Chrono Boost)  
  112  12:59  Probe x3 (Chrono Boost)  
  115  13:14  Stalker x2  
  119  13:29  Gateway x2  
  119  13:30  Immortal  
  119  13:34  Gateway  
  119  13:36  Gateway  
  123  13:52  Stalker x2  
  127  14:12  Assimilator  
  127  14:14  Assimilator, Probe (Chrono Boost)  
  127  14:16  Probe x2 (Chrono Boost)  
  127  14:18  Probe (Chrono Boost)  
  130  14:25  Immortal, Probe (Chrono Boost)  
  130  14:29  Probe (Chrono Boost)  
  136  14:33  Probe x2 (Chrono Boost)  
  139  14:43  Pylon  
  139  14:49  Pylon  
  139  14:53  Pylon  
  139  14:59  Twilight Council  
  139  15:23  Pylon  
  139  15:27  Stalker x5  
  139  15:28  Stalker  
  151  15:30  Immortal  
  155  15:46  Pylon  
  155  15:50  Pylon  
  155  16:00  Robotics Bay  
  152  16:14  Stalker x4  
  152  16:15  Stalker x2  
  164  16:25  Immortal  
  168  17:09  Stalker x2  
  172  17:10  Stalker x4  
  172  17:14  Nexus  
  172  17:19  Pylon  
  180  17:20  Immortal  
  180  17:22  Pylon, Probe (Chrono Boost)  
  180  17:23  Probe x3 (Chrono Boost)  
  188  17:41  Probe x4 (Chrono Boost)  
  188  17:48  Pylon, Charge  
  192  17:53  Stalker x3, Pylon  
  192  17:54  Stalker  
  198  18:42  Gravitic Boosters  
  198  19:24  Nexus  
  198  19:30  Pylon  
  198  19:34  Pylon  
Tags
 
Add a new tag
Caveats
  • Supply blocks, unpowered buildings, or Contaminate may cause inaccurate times.
  • Supply counts are checked every 10 seconds.